 Dungeon Crawl Stone Soup version 0.15.0-12-gccce430 (console) character file.

170 gw the Cudgeler (level 5, -1/57 HPs)
             Began as an Ogre Berserker on Sept 1, 2014.
             Was a Believer of Trog.
             Slain by a hound (3 damage)
             ... on Level 4 of the Dungeon.
             The game lasted 00:01:41 (3420 turns).

gw the Cudgeler (Ogre Berserker)                    Turns: 3420, Time: 00:01:41

HP  -1/57        AC  3     Str 22      XL: 5   Next: 51%
MP   5/5         EV 10     Int  6      God: Trog [**....]
Gold 0           SH  0     Dex 10      Spells:  0 memorised,  4 levels left

rFire  . . .     SeeInvis +     a - +1 mace
rCold  . . .     Clarity  .     b - +0 animal skin
rNeg   . . .     rCorr    .     (shield restricted)
rPois  .         rRot     .     (helmet restricted)
rElec  .         Spirit   .     (no cloak)
SustAb .         Warding  .     (gloves unavailable)
rMut   .         Stasis   .     (boots unavailable)
Gourm  .                        (no amulet)
MR     .....                    (no ring)
                                o - ring of see invisible

@: not resistant to hostile enchantments, very unstealthy
A: unfitting armour, tough skin 1
a: Burn Spellbooks, Berserk, Trog's Hand, Renounce Religion


You were on level 4 of the Dungeon.
You worshipped Trog.
Trog was pleased with you.
You were very hungry.

You visited 1 branch of the dungeon, and saw 4 of its levels.

Inventory:

Hand weapons
 a - a +1 mace (weapon)
Missiles
 d - a stone (quivered)
 n - 4 large rocks
Armour
 b - a +0 animal skin (worn)
Comestibles
 c - 2 meat rations
 f - a slice of pizza
Scrolls
 e - a scroll of blinking
 g - 2 scrolls of identify
 i - 4 scrolls of remove curse
Jewellery
 o - a ring of see invisible (left hand)
Potions
 h - 2 potions of curing
 l - a potion of confusion


   Skills:
 + Level 5.3 Fighting
 * Level 5.9 Maces & Flails
 + Level 2.0 Throwing
 + Level 3.4 Dodging


You had 4 spell levels left.
You didn't know any spells.

Dungeon Overview and Level Annotations

Branches:
Dungeon (4/15)
 Temple: D:4-7

Altars:
Fedhas

Annotations:
D:4 Blork the orc; gw's ghost, weakling OgBe


Innate Abilities, Weirdness & Mutations

You are too large for most types of armour.
You have tough skin (AC +1).


Message History

The hound barks!
MOVING TO (5,-2)
You enter the shallow water.
Moving in this stuff is going to be slow.
The hound barely misses you. The hound misses you.
MOVING TO (4,-3) MOVING TO (3,-2) MOVING TO (2,-1)
The hound barely misses you.
MOVING TO (1,-1) MOVING TO (0,8)
The hound bites you. The hound bites you but does no damage.
MOVING TO (0,7) Gw's ghost closely misses you.
MOVING TO (0,6)
The hound bites you but does no damage.
MOVING TO (0,5) MOVING TO (0,4)
The hound bites you.
You die...

####+##
#.....####+#
+..........+
#..........#
#.....##...#
#.....#....#
###+#.~~~W.#
........~~~.h#
.......~_..O+
.......~~~~.#
.......~~~~.#
.......#...#
......#...#
.....+%(.#
....#..(#
#...( #+####


You could see a hound and gw's ghost.

Table legend:
 A = Turns spent in this place as a percentage of turns spent in the entire game.
 B = Non-inter-level travel turns spent in this place as a percentage of non-inter-level travel turns spent in the entire game.
 C = Inter-level travel turns spent in this place as a percentage of turns spent in this place.
 D = Turns resting spent in this place as a percentage of non-inter-level travel turns spent in this place.
 E = Turns spent auto-exploring this place as a percentage of non-inter-level travel turns spent in this place.
 F = Non-inter-level travel turns spent in this place divided by the number of levels of this place that you've seen.
                   A       B       C       D       E      F
               +-------+-------+-------+-------+-------+----------------------
         Total | 100.0 | 100.0 |   0.1 |   1.1 |   2.9 | 1164.2
       Dungeon | 100.0 | 100.0 |   0.1 |   1.1 |   2.9 | 1164.2
               +-------+-------+-------+-------+-------+----------------------

Table legend:
 A = Kills in this place as a percentage of kills in entire the game.
 B = Kills by you in this place as a percentage of kills by you in the entire game.
 C = Kills by friends in this place as a percentage of kills by friends in the entire game.
 D = Other kills in this place as a percentage of other kills in the entire game.
 E = Experience gained in this place as a percentage of experience gained in the entire game.
 F = Experience gained in this place divided by the number of levels of this place that you have seen.
                   A       B       C       D       E      F
               +-------+-------+-------+-------+-------+----------------------
         Total | 100.0 | 100.0 |  -nan |  -nan | 100.0 |  61.0
       Dungeon | 100.0 | 100.0 |  -nan |  -nan | 100.0 |  61.0
               +-------+-------+-------+-------+-------+----------------------

Vanquished Creatures
  A scorpion (D:3)
  Ijyb (D:2)
  An adder (D:2)
  2 giant mites
  4 worms
  2 oozes (D:2)
  2 orcs (D:3)
  5 bats
  2 giant cockroaches
  6 goblins
  7 hobgoblins
  6 jackals
  3 kobolds (D:1)
  2 quokkas
  A giant gecko (D:2)
  6 giant newts
  7 rats
58 creatures vanquished.

Notes
Turn   | Place    | Note
--------------------------------------------------------------
     0 | D:1      | gw, the Ogre Berserker, began the quest for the Orb.
     0 | D:1      | Reached XP level 1. HP: 24/24 MP: 1/1
   185 | D:1      | Reached XP level 2. HP: 25/32 MP: 2/2
   723 | D:1      | Reached skill level 1 in Throwing
   733 | D:1      | SGrunt: boo
   858 | D:1      | Reached XP level 3. HP: 32/39 MP: 3/3
   988 | D:1      | SGrunt: hi
  1041 | D:1      | Acquired Trog's second power
  1087 | D:1      | SGrunt: hi
  1151 | D:2      | Reached skill level 5 in Maces & Flails
  1152 | D:2      | Noticed Ijyb
  1167 | D:2      | Killed Ijyb
  1249 | D:2      | Reached XP level 4. HP: 29/49 MP: 4/4
  3038 | D:3      | Reached XP level 5. HP: 55/55 MP: 5/5
  3183 | D:3      | Reached skill level 5 in Fighting
  3374 | D:4      | Noticed Blork the orc
  3379 | D:4      | Found a blossoming altar of Fedhas.
  3387 | D:4      | Noticed gw's ghost (weakling OgBe)
  3416 | D:4      | HP: 1/57 [hound (5)]
  3420 | D:4      | Slain by a hound

Action                   |  1- 3 |  4- 6 || total
-------------------------+-------+-------++-------
Melee: Mace              |    61 |   114 ||   175
Throw: Stone             |    58 |    79 ||   137
Invok: Berserk           |       |     1 ||     1
       Trog's Hand       |       |     1 ||     1
  Use: Scroll            |     5 |     4 ||     9
       Potion            |     3 |       ||     3
  Eat: Chunk             |     1 |     7 ||     8

Vault maps used:
D:1:      saegor_arrival_simple_f
D:2:      uniq_iyjb
D:3:      minivault_24, kennysheep_big_empty_room
D:4:      lemuel_temple_firewalk, minmay_misc_feat_roman,
          kennysheep_cross_bottleneck, fedhas_altar_2, uniq_blork_the_orc
